 Dungeon Crawl Stone Soup version 0.28-a0-1374-ga75cb3825e (webtiles) character file.

Game seed: 14311808383816612951

674 SensoryNuts the Skirmisher (level 7, -11/56 HPs)
             Began as a Demonspawn Fighter on Dec 31, 2021.
             Mangled by ryw's ghost (12 damage)
             ... on level 4 of the Dungeon.
             The game lasted 00:05:31 (5449 turns).

SensoryNuts the Skirmisher (Demonspawn Fighter)     Turns: 5449, Time: 00:05:32

Health: -11/56     AC:  7    Str: 18    XL:     7   Next: 33%
Magic:  7/7        EV: 10    Int:  9    God:
Gold:   168        SH:  9    Dex: 13    Spells: 6/6 levels left

rFire   . . .      SeeInvis .   a - +0 long sword
rCold   . . .      Faith    .   c - +0 buckler
rNeg    . . .      Spirit   .   b - +0 scale mail
rPois   .          Reflect  .   (no helmet)
rElec   .          Harm     .   (no cloak)
rCorr   .          Rampage  .   (no gloves)
Will    .....                   (no boots)
Stlth   ..........              i - amulet of magic regeneration
HPRegen 0.18/turn               (no ring)
MPRegen 0.50/turn               (no ring)

@: on berserk cooldown, slowed, very slow
A: spiny 1, condensation shield, weakness stinger 2
a: no special abilities


You were on level 4 of the Dungeon.
You visited 1 branch of the dungeon, and saw 4 of its levels.

You collected 168 gold pieces.

Inventory:

Hand Weapons
 a - a +0 long sword (weapon)
Armour
 b - a +0 scale mail (worn)
 c - a +0 buckler (worn)
Jewellery
 f - an amulet of reflection
 i - an amulet of magic regeneration (around neck)
Scrolls
 h - a scroll of teleportation
Potions
 d - a potion of mutation {unknown}
 e - a potion of cancellation
 j - a potion of berserk rage
 k - 2 potions of attraction
 l - a potion of lignification {unknown}
 m - a potion of flight {unknown}


   Skills:
 * Level 5.0 Fighting
 + Level 4.6 Long Blades
 + Level 4.2 Armour
 + Level 1.2 Dodging
 + Level 0.5 Stealth
 + Level 3.7 Shields


You had 6 spell levels left.
You didn't know any spells.
Your spell library contained the following spells:

 Spells                   Type           Power      Damage    Failure   Level
 Gell's Gravitas          Tloc           0%         N/A       98%         3
 Lesser Beckoning         Tloc           0%         N/A       98%         3
 Teleport Other           Tloc           0%         N/A       98%         3


Dungeon Overview and Level Annotations

Branches:
Dungeon (4/15)
 Temple: D:4-7

Altars:
Yredelemnul

Annotations:
D:4 1 transporter, ryw's ghost, amateur DgFi


Innate Abilities, Weirdness & Mutations

You are partially covered in sharp spines.
A meltable shield of frost defends you. (SH +4)
You have a tail ending in a sharp stinger.


Message History

You hit the water moccasin skeleton.
Your tail-slap misses the water moccasin skeleton.
The water moccasin skeleton is lightly damaged.
The water moccasin skeleton bites you.
You slash the water moccasin skeleton!
The water moccasin skeleton is heavily damaged.
You block the water moccasin skeleton's attack.
You slice the water moccasin skeleton!!
You destroy the water moccasin skeleton!
Your Fighting skill increases to level 5!
You are no longer berserk.
You are exhausted.
You feel yourself slow down.
You see here a necrophage corpse.
Ryw's ghost whispers, "Everlasting silence awaits you..."
Ryw's ghost hits you but does no damage.
You see here 16 gold pieces.
You closely miss ryw's ghost. Ryw's ghost hits you. Ryw's ghost hits you!
You hit ryw's ghost but do no damage.
You tail-slap ryw's ghost, but do no damage.
Ryw's ghost hits you. Ryw's ghost hits you!
You hit ryw's ghost. You tail-slap ryw's ghost.
Ryw's ghost is lightly damaged.
Ryw's ghost hits you!
* * * LOW HITPOINT WARNING * * *
Ryw's ghost is struck by your spines. Ryw's ghost hits you!
* * * LOW HITPOINT WARNING * * *
You hit ryw's ghost. You tail-slap ryw's ghost.
Ryw's ghost is moderately damaged.
Ryw's ghost closely misses you. Ryw's ghost stares at you.
You block ryw's ghost's attack.
You slash ryw's ghost!
Ryw's ghost is heavily damaged.
Ryw's ghost closely misses you.
Unknown command.
Okay, then.
Okay, then.
Ryw's ghost hits you!
You die...

............#..##...##.!#..##.##.
......####..#$.#8...8#..#..##..#.
).....####..#.†##...##..#..###.#.
##.##.......#.....©.....#..# #.#.
#.##..#....#..##...##..#..# #.#.
#.##.......#..#8...8#..#..# #.#.
#.##.......#..##...##..#..###.#.
#.####.##..#...........#......#.
##.## #.##..#©..@W![....#..###.#.
#...###>##..#############..# #.#.
.....<...#........©........# #.#.
#...##...<.................# #...
##.###...............<.....# #.#.
### #.#.#####...###.###...# #.#.
#.#.### ###.# #.# #...###.#.
#.....# #.# #.# #...##.... ##
###.#.# #.# #.# #......#..


You could see ryw's ghost.

Vanquished Creatures
  A sky beast (D:3)
  An ogre (D:4)
  A necrophage (D:4)
  A kobold brigand (D:4)
  A water moccasin skeleton (D:4)
  A bullfrog zombie (D:4)
  A hound (D:4)
  A bullfrog skeleton (D:4)
  Jessica (D:2)
  An iguana (D:4)
  An orc wizard (D:3)
  A gnoll (D:4)
  6 adders
  2 dart slugs
  4 orcs
  6 ball pythons
  5 endoplasms
  5 giant cockroaches
  4 goblins
  4 hobgoblins (D:4)
  4 jackals (D:3)
  5 kobolds
  5 quokkas
  4 bats
  3 frilled lizards
  6 rats
75 creatures vanquished.

Notes
Turn   | Place    | Note
-------+----------+-------------------------------------------
     0 | D:1      | SensoryNuts the Demonspawn Fighter began the quest for the
                  | Orb.
     0 | D:1      | Reached XP level 1. HP: 18/18 MP: 1/1
    93 | D:1      | Gained mutation: A meltable shield of frost defends you.
                  | (SH +4) [demonic ancestry]
    93 | D:1      | Reached XP level 2. HP: 7/24 MP: 2/2
   977 | D:2      | Noticed Jessica
  1197 | D:2      | Killed Jessica
  1198 | D:2      | Reached XP level 3. HP: 19/29 MP: 3/3
  1770 | D:2      | Gained mutation: You have a small tail. [demonic ancestry]
  1770 | D:2      | Reached XP level 4. HP: 37/37 MP: 4/4
  2422 | D:3      | Found a basalt altar of Yredelemnul.
  2994 | D:3      | Noticed a sky beast
  3376 | D:3      | Reached skill level 4 in Fighting
  3376 | D:3      | Gained mutation: You have a tail ending in a sharp stinger.
                  | [demonic ancestry]
  3376 | D:3      | Reached XP level 5. HP: 42/42 MP: 5/5
  3601 | D:3      | Found a faded altar of an unknown god.
  3916 | D:3      | Killed a sky beast
  4087 | D:4      | Found a transporter.
  4391 | D:4      | Reached XP level 6. HP: 48/48 MP: 6/6
  4489 | D:4      | Found a transporter.
  4491 | D:4      | Noticed ryw's ghost (amateur DgFi)
  4811 | D:4      | Reached skill level 1 in Dodging
  5426 | D:4      | Gained mutation: You are partially covered in sharp spines.
                  | [demonic ancestry]
  5426 | D:4      | Reached XP level 7. HP: 55/55 MP: 7/7
  5435 | D:4      | Reached skill level 5 in Fighting
  5446 | D:4      | HP: 1/56 [ryw's ghost (11)]
  5449 | D:4      | Mangled by ryw's ghost

Illustrated notes

Levels and vault maps discovered:
D:1:      eino_arrival_cavern_c, layout_rooms
D:2:      layout_loops_ring, chequers_serial_rivers_small_b,
          hangedman_decor_clover_reticule, uniq_jessica
D:3:      layout_loops_corners, lemuel_coloured_pillars_altar,
          shapermc_ecumenical_altar_starsandcircs
D:4:      layout_loops_ring, gammafunk_ghost_mausoleum,
          kennysheep_generic_room_4

Skill      XL: |  1  2  3  4  5  6  7 |
---------------+----------------------+-----
Long Blades    | 2 3 4 |  4.6
Armour         | 3 4 |  4.2
Shields        | 3 |  3.7
Fighting       | 4 5 |  5.0
Dodging        | 1 |  1.2
Stealth        | |  0.5

Action                   |  1- 3 |  4- 6 |  7- 9 || total
-------------------------+-------+-------+-------++-------
Melee: Long sword        |   103 |   179 |    13 ||   295
       Tailslap          |       |    30 |     3 ||    33
  Use: Potion            |     4 |     5 |       ||     9
       Scroll            |     1 |     3 |       ||     4
Armor: Scale mail        |    54 |    55 |     1 ||   110
Dodge: Dodged            |    59 |    74 |     8 ||   141
Block: Buckler           |    62 |    72 |     5 ||   139

Table legend: (Time is in decaauts)
 A = Elapsed time spent in this place.
 B = Non-inter-level travel time spent in this place.
 C = Inter-level travel time spent in this place.
 D = Time resting spent in this place.
 E = Time spent auto-exploring this place.
 F = Levels seen in this place.
 G = Mean time per level.
                   A        B        C        D        E       F      G
               +--------+--------+--------+--------+--------+-----+--------+
         Total |   5566 |   5218 |    348 |    292 |   4116 |   4 | 1391.5 |
       Dungeon |   5566 |   5218 |    348 |    292 |   4116 |   4 | 1391.5 |
               +--------+--------+--------+--------+--------+-----+--------+

Top non-repeatable levels by time:
     D:3: 1506 daAuts
     D:2: 1482 daAuts
     D:4: 1403 daAuts
     D:1: 1175 daAuts
